Map: Submarine LE

Players

Draconix - Winner!

  • Race: Protoss Protoss
  • League: Master
  • Spawn Location: 11:00

kirby

  • Race: Terran Terran
  • League: Master
  • Spawn Location: 5:00

VOD

Have the link to the VOD?

Description

Time

  • Played on: Nov. 27, 2020, 8:48 p.m.
  • Length: 23:03
Show
View Real Time Build Order
Export as new Build Order

Draconix Protoss - Winner!

Build Orders: Blink Stalkers 

Get SALT Encoding   

  12  0:03  Probe  
  13  0:15  Probe  
  13  0:19  Pylon  
  14  0:27  Probe  
  15  0:39  Probe  
  16  0:43  Gateway  
  16  0:51  Probe  
  17  1:01  Assimilator  
  17  1:03  Probe  
  18  1:16  Probe  
  19  1:28  Probe  
  19  1:32  Cybernetics Core  
  20  1:42  Pylon  
  20  1:47  Nexus  
  20  1:52  Probe  
  21  2:00  Assimilator  
  21  2:05  Gateway, Pylon  
  21  2:07  Warp Gate  
  21  2:10  Adept (Chrono Boost)  
  23  2:23  Probe  
  24  2:40  Probe  
  24  2:42  Twilight Council  
  25  2:45  Stalker  
  27  2:57  Probe  
  27  3:09  Probe  
  27  3:10  Probe  
  29  3:13  Blink (Chrono Boost)  
  29  3:21  Probe  
  29  3:22  Gateway  
  29  3:26  Robotics Facility  
  30  3:34  Probe x2  
  32  3:46  Probe  
  32  3:47  Probe  
  34  3:48  Pylon  
  34  3:58  Probe  
  34  3:59  Probe  
  34  4:00  Stalker  
  36  4:11  Probe x2  
  36  4:13  Observer (Chrono Boost)  
  36  4:15  Stalker  
  41  4:17  Assimilator  
  41  4:23  Probe x2  
  43  4:27  Observer (Chrono Boost)  
  43  4:31  Stalker x2  
  48  4:35  Probe x2  
  50  4:39  Stalker  
  52  4:47  Probe x2  
  54  4:55  Nexus  
  54  4:58  Pylon  
  54  5:10  Probe  
  54  5:12  Probe  
  54  5:16  Pylon x2  
  54  5:40  Probe x2  
  54  5:42  Stalker x2  
  60  5:44  Observer (Chrono Boost)  
  61  5:51  Charge (Chrono Boost)  
  61  5:56  Probe x2  
  63  5:57  Observer (Chrono Boost)  
  64  6:08  Probe  
  64  6:11  Robotics Bay  
  64  6:14  Pylon  
  64  6:16  Probe  
  64  6:17  Probe  
  66  6:20  Probe, Assimilator  
  67  6:27  Gateway  
  67  6:31  Gateway  
  70  6:34  Stalker  
  70  6:35  Stalker x2  
  73  6:49  Probe x2 (Chrono Boost)  
  73  6:52  Colossus  
  75  6:55  Observer, Gateway  
  75  6:56  Gateway, Probe (Chrono Boost)  
  84  7:01  Probe x2 (Chrono Boost)  
  84  7:06  Probe (Chrono Boost)  
  84  7:07  Probe (Chrono Boost)  
  86  7:09  Extended Thermal Lance (Chrono Boost)  
  86  7:18  Probe x2  
  86  7:20  Zealot x2  
  92  7:29  Pylon  
  92  7:32  Pylon  
  94  7:40  Forge  
  94  7:42  Forge  
  92  7:44  Zealot x2  
  92  7:45  Colossus, Zealot  
  92  7:50  Zealot x2  
  84  8:10  Zealot x3  
  84  8:11  Zealot x4  
  98  8:13  Probe x3  
  98  8:16  Forge  
  98  8:17  Forge  
  101  8:25  Probe  
  90  8:44  Probe x3  
  91  8:48  Protoss Ground Weapons Level 1 (Chrono Boost)  
  91  8:51  Gateway  
  91  8:53  Gateway, Pylon  
  91  8:55  Observer  
  91  8:56  Probe x2  
  91  8:57  Probe  
  91  9:00  Protoss Ground Armor Level 1 (Chrono Boost), Zealot x5  
  91  9:01  Zealot x2  
  108  9:05  Assimilator  
  108  9:08  Probe, Assimilator  
  109  9:12  Probe x2  
  112  9:24  Probe x2  
  113  9:33  Nexus  
  95  9:40  Zealot  
  95  9:41  Zealot x6  
  95  9:44  Probe  
  95  9:45  Probe x2  
  108  9:55  Disruptor (Chrono Boost)  
  108  9:56  Pylon, Probe  
  108  9:57  Probe  
  108  9:58  Pylon  
  113  10:21  Probe x3  
  116  10:22  Templar Archives  
  116  10:24  Gateway, Zealot x2  
  116  10:26  Zealot  
  116  10:27  Gateway  
  116  10:28  Pylon, Disruptor (Chrono Boost)  
  122  10:33  Pylon  
  125  10:36  Probe x3  
  125  10:41  Protoss Ground Weapons Level 2 (Chrono Boost), Pylon  
  128  10:44  Protoss Shields Level 1 (Chrono Boost)  
  128  10:48  Probe x3  
  128  10:49  Probe  
  132  10:54  Assimilator  
  132  10:55  Assimilator  
  132  10:56  Disruptor  
  132  10:57  Psionic Storm  
  132  11:04  High Templar x4  
  139  11:05  Zealot  
  139  11:06  Zealot x3  
  139  11:08  Archon x2  
  151  11:15  Photon Cannon  
  151  11:16  Photon Cannon  
  151  11:23  Probe x3  
  151  11:24  Probe  
  155  11:30  High Templar x3  
  155  11:31  High Templar  
  163  11:33  Pylon  
  163  11:37  Gateway  
  163  11:41  Pylon x2, Probe  
  164  11:48  Zealot  
  166  11:59  Colossus (Chrono Boost)  
  166  12:03  Gateway  
  166  12:05  Gateway  
  166  12:08  Stalker x6  
  184  12:18  Probe x2  
  184  12:19  Probe x2  
  188  12:27  Stalker x3  
  190  12:43  Colossus (Chrono Boost)  
  140  13:00  Zealot x11  
  140  13:01  Zealot  
  140  13:02  Protoss Ground Weapons Level 3 (Chrono Boost), Protoss Ground Armor Level 2 (Chrono Boost)  
  138  13:15  Nexus  
  138  13:16  Pylon  
  138  13:17  Assimilator  
  138  13:18  Assimilator  
  138  13:23  High Templar x4  
  138  13:24  Zealot x8  
  138  13:26  Colossus (Chrono Boost)  
  162  13:27  Archon  
  162  13:28  Archon  
  141  13:49  Zealot  
  141  13:50  Zealot x8  
  134  14:02  Zealot  
  117  14:03  Zealot  
  117  14:08  Zealot x2  
  105  14:12  Probe x3  
  88  14:21  Observer (Chrono Boost), Probe  
  88  14:22  Gravitic Drive (Chrono Boost)  
  90  14:25  Probe x3  
  93  14:34  High Templar, Photon Cannon  
  93  14:35  High Templar x3, Probe (Chrono Boost)  
  93  14:36  Photon Cannon, Zealot x4  
  93  14:37  Probe x2 (Chrono Boost)  
  112  14:38  Archon  
  112  14:39  Archon, Photon Cannon  
  112  14:40  Shield Battery  
  112  14:41  Probe (Chrono Boost)  
  115  14:45  Probe (Chrono Boost)  
  115  14:49  Probe x2 (Chrono Boost)  
  115  14:51  Probe x2 (Chrono Boost)  
  119  14:54  Probe x3 (Chrono Boost)  
  119  14:55  Colossus (Chrono Boost)  
  127  15:05  Zealot x4  
  135  15:12  Zealot x3  
  109  15:21  Zealot x4  
  107  15:28  High Templar x6  
  107  15:35  Archon x2  
  95  15:44  Zealot x3  
  95  15:45  Colossus (Chrono Boost)  
  107  15:51  Protoss Ground Armor Level 3 (Chrono Boost)  
  107  15:59  Zealot x3  
  113  16:08  Zealot x3  
  106  16:24  High Templar x10  
  126  16:28  Archon x4  
  126  16:29  Archon  
  126  16:32  Zealot x3  
  127  16:44  Nexus  
  127  16:54  High Templar  
  127  16:55  High Templar x2  
  127  16:56  High Templar x6  
  127  16:59  Archon  
  127  17:00  Archon  
  145  17:04  Zealot x2  
  131  17:26  Nexus  
  131  17:27  Assimilator  
  131  17:28  Assimilator  
  131  17:29  Zealot x2  
  129  17:30  Zealot  
  125  17:54  Probe x2  
  125  17:55  Probe  
  127  18:00  Zealot x7  
  127  18:01  Zealot x2  
  127  18:04  Assimilator  
  144  18:06  Probe x2  
  144  18:08  Probe  
  147  18:15  Immortal (Chrono Boost)  
  151  18:22  High Templar  
  151  18:23  High Templar x3  
  151  18:25  Protoss Shields Level 2 (Chrono Boost)  
  159  18:29  Archon x2  
  159  18:35  Zealot x2  
  159  18:38  Probe x2  
  163  19:13  Nexus  
  161  19:22  Archon  
  161  19:30  Stalker x8  
  161  19:31  Observer, Stalker x4  
  185  19:35  Pylon  
  185  19:38  Pylon  
  185  19:45  Immortal (Chrono Boost)  
  189  19:55  Probe  
  189  19:56  Probe x3  
  193  20:08  Probe x2  
  189  20:17  Immortal  
  150  20:37  Stalker  
  150  20:38  Stalker x10  
  154  20:50  Probe x3  
  154  20:51  Probe x2  
  158  20:58  Colossus (Chrono Boost)  
  158  21:02  Probe (Chrono Boost)  
  158  21:03  Probe (Chrono Boost)  
  166  21:05  Probe (Chrono Boost)  
  166  21:07  Probe (Chrono Boost)  
  166  21:10  Probe (Chrono Boost)  
  168  21:13  Probe (Chrono Boost)  
  168  21:14  High Templar x2, Probe (Chrono Boost)  
  168  21:15  High Templar  
  168  21:17  High Templar  
  179  21:19  Probe x2 (Chrono Boost)  
  179  21:25  Assimilator  
  180  21:29  Zealot  
  180  21:30  Zealot x2  
  186  21:33  High Templar x3  
  183  21:49  Zealot x5  
  175  22:06  Zealot  
  175  22:07  Zealot x4  
  171  22:39  Pylon, Nexus  
Show
View Real Time Build Order
Export as new Build Order

kirby Terran 

Build Orders: Reaper Expand 

Get SALT Encoding   

  12  0:00  SCV  
  13  0:12  SCV  
  14  0:17  Supply Depot  
  14  0:24  SCV  
  15  0:38  SCV  
  15  0:41  Barracks  
  16  0:45  Refinery  
  16  0:50  SCV  
  18  1:11  SCV  
  18  1:23  SCV  
  19  1:35  Orbital Command  
  19  1:36  Reaper  
  20  1:46  Command Center  
  20  2:01  SCV  
  20  2:04  Supply Depot  
  21  2:10  Marine  
  21  2:13  SCV  
  23  2:17  Factory  
  23  2:26  SCV, Refinery  
  24  2:30  Barracks Reactor  
  24  2:35  Bunker  
  24  2:38  SCV  
  25  2:50  SCV  
  26  3:03  Hellion  
  26  3:04  Starport  
  28  3:08  SCV  
  28  3:09  Orbital Command  
  28  3:15  Marine x2  
  30  3:20  SCV  
  33  3:28  Widow Mine  
  33  3:32  SCV  
  33  3:33  Marine x2  
  36  3:35  SCV  
  37  3:42  Medivac  
  37  3:44  SCV  
  37  3:47  SCV  
  41  3:56  SCV  
  41  3:59  Marine x2  
  41  4:00  Widow Mine  
  46  4:10  SCV x2  
  46  4:12  Supply Depot  
  46  4:13  Supply Depot  
  46  4:16  Marine  
  47  4:20  Marine  
  47  4:22  Factory Tech Lab, SCV x2, Starport Tech Lab  
  50  4:34  SCV x2, Marine  
  50  4:37  Supply Depot  
  53  4:38  Marine  
  53  4:42  Barracks x2, Raven  
  56  4:46  SCV  
  56  4:47  SCV  
  56  4:52  Marine  
  59  4:56  Marine  
  59  4:58  Engineering Bay  
  61  5:00  SCV x2, Supply Depot  
  61  5:03  Widow Mine  
  64  5:14  SCV x2  
  64  5:19  Refinery  
  66  5:23  Marine x2, Supply Depot  
  66  5:26  SCV x2  
  68  5:42  Marine x2, Starport Reactor  
  67  5:43  SCV x2  
  67  5:44  Terran Infantry Weapons Level 1  
  67  5:45  Combat Shield, Stimpack  
  67  5:47  Factory Tech Lab  
  67  5:48  Factory Reactor  
  70  5:54  Supply Depot  
  70  5:55  SCV x2  
  70  5:56  Marauder x2  
  76  6:04  Marine x2  
  76  6:07  SCV x2  
  80  6:14  Command Center  
  80  6:15  Refinery  
  80  6:16  Supply Depot  
  80  6:19  SCV x2  
  80  6:25  Widow Mine x2  
  86  6:26  Marine  
  86  6:31  SCV x2  
  89  6:33  Marauder x2  
  89  6:37  Marine  
  89  6:38  Medivac x2  
  98  6:43  SCV  
  98  6:46  SCV  
  100  6:48  Marine  
  95  6:55  SCV, Supply Depot  
  95  6:56  Marine  
  95  6:57  Marauder x2  
  95  6:58  SCV  
  102  7:04  Widow Mine x2, Concussive Shells  
  102  7:06  Marine  
  102  7:07  SCV  
  102  7:08  Medivac  
  110  7:14  Supply Depot  
  110  7:16  Supply Depot  
  110  7:17  Medivac, SCV  
  110  7:20  SCV  
  110  7:27  Marine  
  110  7:28  Marauder x2  
  110  7:29  SCV  
  116  7:32  SCV  
  116  7:36  Widow Mine x2  
  122  7:38  Marine, Supply Depot  
  122  7:40  Supply Depot  
  122  7:48  Marine  
  122  7:49  Marauder x2, Medivac  
  129  7:56  Marine  
  112  8:06  Marine  
  112  8:11  Marauder x2  
  112  8:12  Terran Infantry Armor Level 1  
  113  8:13  Barracks x2, Engineering Bay, Armory  
  113  8:16  Marine  
  113  8:17  SCV  
  113  8:24  SCV, Marine  
  113  8:25  SCV  
  114  8:32  Marauder x2  
  116  8:34  Marine  
  107  8:41  SCV x2, Marine  
  107  8:42  Orbital Command  
  102  8:49  Widow Mine x2  
  102  8:52  Marine, Viking  
  102  8:53  SCV, Viking, Marauder  
  102  8:54  Marauder, SCV  
  117  8:59  Marine  
  117  9:02  Supply Depot  
  118  9:03  Terran Infantry Weapons Level 2  
  118  9:05  Barracks Tech Lab, Terran Ship Weapons Level 1  
  118  9:07  Barracks Reactor  
  118  9:11  Marine  
  118  9:12  Widow Mine  
  118  9:13  Widow Mine  
  118  9:14  SCV, Marine  
  118  9:15  SCV x2  
  127  9:27  Marauder  
  123  9:41  SCV x2  
  123  9:43  Refinery x2  
  125  9:45  Command Center  
  125  9:48  Marauder x2, Marine x4, Supply Depot  
  125  9:49  Marine  
  134  9:56  Starport  
  134  9:57  Ghost Academy  
  134  10:00  Factory Reactor  
  134  10:06  Marine  
  135  10:09  Marauder, Marine x4  
  135  10:10  Marauder  
  143  10:20  SCV x3  
  146  10:21  Terran Infantry Armor Level 2  
  146  10:24  Marine, Viking x2  
  151  10:31  Enhanced Shockwaves  
  151  10:34  Marauder x2, Marine x2  
  157  10:38  Marine  
  157  10:39  Viking x2  
  162  10:53  Marauder, Marine x2  
  162  10:54  Ghost  
  162  10:55  Marauder  
  170  10:58  Marine  
  171  11:09  Widow Mine, Viking  
  175  11:15  Marauder  
  175  11:16  Ghost  
  179  11:20  Medivac  
  179  11:21  Medivac  
  183  11:27  Command Center  
  183  11:32  Ghost  
  183  11:33  Marine x3  
  183  11:34  Marine  
  183  11:35  Marine, Widow Mine x2  
  194  11:44  Marine  
  195  11:53  Viking  
  196  11:55  Supply Depot  
  196  11:56  Supply Depot  
  195  12:11  Viking  
  195  12:17  Viking  
  195  12:20  Planetary Fortress  
  164  12:58  Marauder x2, Marine x4  
  158  12:59  Viking x2  
  158  13:00  Medivac x2  
  158  13:02  SCV  
  158  13:03  SCV x2  
  166  13:07  Marauder  
  166  13:08  Widow Mine x2  
  172  13:15  Marine  
  172  13:16  Marine  
  172  13:19  Marauder  
  175  13:22  SCV x2  
  175  13:23  SCV x2  
  175  13:27  Marauder, Marine  
  179  13:29  Marauder  
  184  13:34  SCV  
  184  13:38  Marine  
  184  13:41  Marauder  
  188  13:47  Marine x2  
  174  13:48  Marauder  
  174  13:50  Marauder  
  174  13:55  Marine  
  169  13:56  Marine  
  169  14:01  Viking  
  169  14:02  Marauder, Viking x2  
  158  14:03  Widow Mine x2  
  158  14:05  Marine  
  143  14:10  Marauder  
  143  14:11  Marauder, Planetary Fortress  
  143  14:14  Marine x2  
  136  14:23  Marauder  
  136  14:24  Terran Infantry Armor Level 3, Refinery, Terran Infantry Weapons Level 3  
  138  14:28  Barracks  
  138  14:29  Barracks x2  
  140  14:31  Marauder  
  140  14:34  Ghost  
  140  14:37  Missile Turret  
  142  14:40  Medivac x2  
  146  14:53  Missile Turret  
  146  14:55  Missile Turret  
  146  14:56  Missile Turret  
  146  14:57  Missile Turret  
  146  14:59  Missile Turret, Marauder x2, Marine  
  151  15:12  Marauder, Marine x3  
  146  15:20  Marauder x2, Marine x4  
  143  15:22  Medivac  
  135  15:32  Marine x2  
  135  15:34  Marauder  
  137  15:41  Ghost  
  137  15:42  Marauder  
  141  15:44  Marine x4  
  141  15:45  Widow Mine x2  
  141  15:46  Medivac  
  151  15:55  Marauder  
  153  15:59  Refinery  
  153  16:00  Refinery  
  153  16:03  Marauder  
  155  16:07  Marine  
  155  16:10  Marauder  
  153  16:17  Marauder  
  144  16:22  Marine x3  
  144  16:24  Barracks Tech Lab, Barracks Reactor x2  
  144  16:25  Marauder  
  147  16:31  Marauder  
  145  16:38  Marauder  
  145  16:39  Marine  
  147  16:40  Marine  
  147  16:42  Medivac x2, Viking  
  147  16:43  Widow Mine  
  147  16:44  Widow Mine  
  159  17:01  Refinery  
  159  17:02  Command Center x2  
  159  17:10  Refinery  
  139  17:23  Ghost x3  
  139  17:24  Ghost  
  139  17:25  Marine  
  139  17:28  Widow Mine x2  
  134  17:36  Marine  
  117  17:40  Marine x5  
  117  17:52  Ghost x2  
  117  17:53  Marauder x2  
  125  17:59  Marine x5  
  125  18:00  Liberator x2  
  135  18:14  Marauder x2  
  139  18:21  Marauder x2  
  143  18:33  Orbital Command x2  
  143  18:36  Marauder x2  
  143  18:37  Viking x2  
  143  18:38  Marine x3  
  143  18:39  Marine  
  143  18:41  Neosteel Armor, Hi-Sec Auto Tracking  
  155  18:42  Marauder x2  
  155  18:43  Viking  
  161  19:00  Marauder, Marine x2  
  161  19:01  Marauder, Marine x6  
  161  19:02  Command Center x2  
  159  19:27  Ghost x4  
  159  19:28  Marine x2  
  159  19:29  Liberator  
  165  19:47  Orbital Command  
  165  19:54  Marine x3  
  165  19:56  Marauder x3  
  165  19:57  Marauder  
  131  20:32  Marine x3  
  131  20:33  Marauder x2, Marine  
  132  20:38  Marauder x2, Marine x2  
  132  20:41  Marine  
  122  20:45  SCV x3  
  122  20:51  Medivac  
  122  20:52  Medivac  
  122  20:54  Marauder  
  128  20:57  SCV x3  
  128  21:09  SCV x2  
  130  21:38  Ghost x4  
  136  21:40  Marine  
  136  21:47  Marine x5  
  140  21:57  Marine x2  
  133  22:02  Medivac x4  
  133  22:06  Ghost  
  133  22:07  Marauder x3  
  147  22:17  Marine  
  139  22:23  Command Center  
  139  22:29  Marauder x3  
  127  22:30  Marine x3  
  127  22:36  Marauder  
Tags
 
Add a new tag
Caveats
  • Supply blocks, unpowered buildings, or Contaminate may cause inaccurate times.
  • Supply counts are checked every 10 seconds.